TOP OF THE 1ST |
Hagerstown Suns batting - Pitching for South Bend Cubs : RHP Roberto Cruz
|
Pitching: RHP Roberto Cruz
|
|
Batting: RHB Leo Gutierrez
|
0-0: Swinging Strike 0-1: Foul Ball, location: 2F 0-2: Fly out, F9 (Flyball, 9, EV 81.9 MPH)
|
Batting: RHB Victor Cintron
|
0-0: Called Strike 0-1: Ground out U3 (Groundball, 3, EV 87.5 MPH)
|
Batting: RHB Nick Moreno
|
0-0: Foul Ball, location: 2F 0-1: Ball 1-1: Ball 2-1: Swinging Strike 2-2: Foul Ball, location: 2F 2-2: Foul Ball, location: 2F 2-2: Strikes out swinging
|
Top of the 1st over - 0 runs, 0 hits, 0 errors, 0 left on base; Hagerstown 0 - South Bend 0 |
BOTTOM OF THE 1ST |
South Bend Cubs batting - Pitching for Hagerstown Suns : RHP Sentos Alatas
|
Pitching: RHP Sentos Alatas
|
|
Batting: RHB Andy Huntley
|
0-0: Foul Ball, location: 2F 0-1: Foul Ball, location: 2F 0-2: Ball 1-2: Foul Ball, location: 2F 1-2: Ground out 1-3 (Groundball, 13S, EV 70.6 MPH)
|
Batting: RHB Puluke Konane
|
0-0: Ground out 6-3 (Groundball, 6, EV 80.0 MPH)
|
Batting: LHB Kwang-chih Men
|
0-0: Ball 1-0: Ball 2-0: Called Strike 2-1: Hit by Pitch
|
Batting: RHB Roy Battist
|
0-0: Called Strike 0-1: Foul Ball, location: 2F 0-2: Strikes out swinging
|
Bottom of the 1st over - 0 runs, 0 hits, 0 errors, 1 left on base; Hagerstown 0 - South Bend 0 |
TOP OF THE 2ND |
Hagerstown Suns batting - Pitching for South Bend Cubs : RHP Roberto Cruz
|
Batting: LHB Chance McWilliams
|
0-0: Ball 1-0: Ground out 6-3 (Groundball, 6M, EV 80.6 MPH)
|
Batting: RHB Naofumi Ishida
|
0-0: Ball 1-0: Called Strike 1-1: Called Strike 1-2: Strikes out swinging
|
Batting: RHB John Savard
|
0-0: Foul Ball, location: 2F 0-1: Fly out, F8 (Flyball, 8LM, EV 88.1 MPH)
|
Top of the 2nd over - 0 runs, 0 hits, 0 errors, 0 left on base; Hagerstown 0 - South Bend 0 |
BOTTOM OF THE 2ND |
South Bend Cubs batting - Pitching for Hagerstown Suns : RHP Sentos Alatas
|
Batting: RHB Han-seung Hah
|
0-0: Ball 1-0: Called Strike 1-1: Swinging Strike 1-2: Ball 2-2: Strikes out swinging
|
Batting: RHB Denis Rachin
|
0-0: Swinging Strike 0-1: Swinging Strike 0-2: Ball 1-2: Foul Ball, location: 2F 1-2: Strikes out looking
|
Batting: LHB Adam Conover
|
0-0: Ball 1-0: Called Strike 1-1: Ball 2-1: Called Strike 2-2: SINGLE (Line Drive, 89S, EV 93.8 MPH)
|
Batting: RHB Juan Bonilla
|
0-0: Fly out, F8 (Flyball, 8LXD, EV 109.4 MPH)
|
Bottom of the 2nd over - 0 runs, 1 hit, 0 errors, 1 left on base; Hagerstown 0 - South Bend 0 |
TOP OF THE 3RD |
Hagerstown Suns batting - Pitching for South Bend Cubs : RHP Roberto Cruz
|
Batting: RHB Jim Towle
|
0-0: Ball 1-0: Swinging Strike 1-1: Ball 2-1: Ball 3-1: Base on Balls
|
Batting: RHB Jelexiz Cuenca
|
0-0: Called Strike 0-1: Swinging Strike 0-2: Ball 1-2: Strikes out looking
|
Batting: RHB Scott Skoglund
|
0-0: Foul Ball, location: 2F 0-1: Foul Ball, location: 2F 0-2: DOUBLE (Line Drive, 78XD, EV 104.4 MPH) Jim Towle to third
|
Batting: RHB Leo Gutierrez
|
0-0: Foul Ball, location: 2F 0-1: Ball 1-1: SINGLE (Groundball, 34D, EV 104.4 MPH) Jim Towle scores Scott Skoglund to third Runner from 3rd tries for Home, SAFE, throw by RF to home
|
Batting: RHB Victor Cintron
|
0-0: Called Strike Leo Gutierrez is caught stealing 2nd base 2-4 0-1: Ball 1-1: Fly out, F8 (Flyball, 8LD, EV 103.8 MPH)
|
Top of the 3rd over - 2 runs, 2 hits, 0 errors, 0 left on base; Hagerstown 2 - South Bend 0 |
BOTTOM OF THE 3RD |
South Bend Cubs batting - Pitching for Hagerstown Suns : RHP Sentos Alatas
|
Batting: RHB Hugo Torrez
|
0-0: Ball 1-0: Foul Ball, location: 2F 1-1: Ball 2-1: SINGLE (Groundball, 56D, EV 103.1 MPH)
|
Batting: RHB Andy Huntley
|
0-0: Called Strike Hugo Torrez is caught stealing 2nd base 2-4 0-1: Ball 1-1: Ball 2-1: Ball 3-1: Called Strike 3-2: SINGLE (Line Drive, 78S, EV 102.5 MPH)
|
Batting: RHB Puluke Konane
|
0-0: Ball 1-0: Ball 2-0: Foul Ball, location: 2F 2-1: Called Strike 2-2: Strikes out swinging Andy Huntley is caught stealing 2nd base 2-4 Batter strikes out.
|
Bottom of the 3rd over - 0 runs, 2 hits, 0 errors, 0 left on base; Hagerstown 2 - South Bend 0 |
TOP OF THE 4TH |
Hagerstown Suns batting - Pitching for South Bend Cubs : RHP Roberto Cruz
|
Batting: RHB Nick Moreno
|
0-0: Called Strike 0-1: Ball 1-1: Ball 2-1: Ball 3-1: Ground out 6-3 (Groundball, 56, EV 89.4 MPH)
|
Batting: LHB Chance McWilliams
|
0-0: Ball 1-0: Called Strike 1-1: Ball 2-1: Foul Ball, location: 2F 2-2: Foul Ball, location: 2F 2-2: Ball 3-2: Base on Balls
|
Batting: RHB Naofumi Ishida
|
0-0: Fly out, F7 (Flyball, 78S, EV 90.0 MPH)
|
Batting: RHB John Savard
|
0-0: Called Strike 0-1: Swinging Strike 0-2: Ball 1-2: Foul Ball, location: 2F 1-2: Ball 2-2: Strikes out looking
|
Top of the 4th over - 0 runs, 0 hits, 0 errors, 1 left on base; Hagerstown 2 - South Bend 0 |
BOTTOM OF THE 4TH |
South Bend Cubs batting - Pitching for Hagerstown Suns : RHP Sentos Alatas
|
Batting: LHB Kwang-chih Men
|
0-0: Called Strike 0-1: Ball 1-1: Called Strike 1-2: Strikes out swinging
|
Batting: RHB Roy Battist
|
0-0: Ball 1-0: Ball 2-0: Called Strike 2-1: SOLO HOME RUN (Flyball, 9LD, EV 91.9 MPH), Distance : 365 ft
|
Batting: RHB Han-seung Hah
|
0-0: Foul Ball, location: 2F 0-1: Ball 1-1: Ground out 4-3 (Groundball, 4MD, EV 101.9 MPH)
|
Batting: RHB Denis Rachin
|
0-0: Called Strike 0-1: Fly out, F8 (Flyball, 89M, EV 80.6 MPH)
|
Bottom of the 4th over - 1 run, 1 hit, 0 errors, 0 left on base; Hagerstown 2 - South Bend 1 |
TOP OF THE 5TH |
Hagerstown Suns batting - Pitching for South Bend Cubs : RHP Roberto Cruz
|
Batting: RHB Jim Towle
|
0-0: Called Strike 0-1: Called Strike 0-2: Strikes out swinging
|
Batting: RHB Jelexiz Cuenca
|
0-0: Ball 1-0: DOUBLE (Line Drive, 9LM, EV 88.8 MPH)
|
Batting: RHB Scott Skoglund
|
0-0: Called Strike 0-1: Foul Ball, location: 2F 0-2: Strikes out swinging
|
Batting: RHB Leo Gutierrez
|
0-0: Called Strike 0-1: SINGLE (Line Drive, 89S, EV 102.5 MPH) Jelexiz Cuenca to third
|
Batting: RHB Victor Cintron
|
0-0: Foul Ball, location: 2F 0-1: Foul Ball, location: 2F 0-2: Ball 1-2: Ball 2-2: Foul Ball, location: 2F 2-2: Ball Leo Gutierrez steals 2nd base 3-2: Foul Ball, location: 2F 3-2: Foul Ball, location: 2F 3-2: SINGLE (Groundball, 4M, EV 108.8 MPH) (infield hit) Jelexiz Cuenca scores Leo Gutierrez to third
|
Batting: RHB Nick Moreno
|
0-0: Reached on error, E5 (Groundball, 56, EV 102.5 MPH) Leo Gutierrez scores Victor Cintron to second
|
Batting: LHB Chance McWilliams
|
0-0: Called Strike 0-1: Reached on error, E4 (Groundball, 4, EV 80.6 MPH) Victor Cintron scores Nick Moreno to third
|
Pitching: LHP Alex Gandarilla
|
|
Batting: RHB Naofumi Ishida
|
0-0: Ball 1-0: Swinging Strike 1-1: DOUBLE (Line Drive, 7LS, EV 106.9 MPH) Nick Moreno scores Chance McWilliams scores
|
Batting: RHB John Savard
|
0-0: Foul Ball, location: 2F 0-1: DOUBLE (Groundball, 5L, EV 96.2 MPH) Naofumi Ishida scores
|
Batting: RHB Jim Towle
|
0-0: Ball 1-0: Ball 2-0: Ball 3-0: Base on Balls
|
Batting: RHB Jelexiz Cuenca
|
0-0: Called Strike 0-1: Swinging Strike 0-2: Ball 1-2: Strikes out swinging
|
Top of the 5th over - 6 runs, 5 hits, 2 errors, 2 left on base; Hagerstown 8 - South Bend 1 |
BOTTOM OF THE 5TH |
South Bend Cubs batting - Pitching for Hagerstown Suns : RHP Sentos Alatas
|
Batting: LHB Adam Conover
|
0-0: Called Strike 0-1: Foul Ball, location: 2F 0-2: Fly out, F8 (Line Drive, 8LM, EV 96.2 MPH)
|
Batting: RHB Juan Bonilla
|
0-0: Ball 1-0: Ground out 4-3 (Groundball, 34, EV 83.1 MPH)
|
Batting: RHB Hugo Torrez
|
0-0: Ball 1-0: Called Strike 1-1: Foul Ball, location: 2F 1-2: Foul Ball, location: 2F 1-2: Strikes out swinging
|
Bottom of the 5th over - 0 runs, 0 hits, 0 errors, 0 left on base; Hagerstown 8 - South Bend 1 |
TOP OF THE 6TH |
Hagerstown Suns batting - Pitching for South Bend Cubs : LHP Alex Gandarilla
|
Batting: RHB Scott Skoglund
|
0-0: Swinging Strike 0-1: Foul Ball, location: 2F 0-2: Ball 1-2: Ball 2-2: Strikes out swinging
|
Batting: RHB Leo Gutierrez
|
0-0: Fly out, F8 (Flyball, 8LXD, EV 91.2 MPH)
|
Batting: RHB Victor Cintron
|
0-0: Ball 1-0: Called Strike 1-1: Ball 2-1: Called Strike 2-2: Ball 3-2: Ground out 3-1 (Groundball, 34, EV 83.8 MPH)
|
Top of the 6th over - 0 runs, 0 hits, 0 errors, 0 left on base; Hagerstown 8 - South Bend 1 |
BOTTOM OF THE 6TH |
South Bend Cubs batting - Pitching for Hagerstown Suns : RHP Sentos Alatas
|
Batting: RHB Andy Huntley
|
0-0: Called Strike 0-1: Called Strike 0-2: Ground out 6-3 (Groundball, 6, EV 87.5 MPH)
|
Batting: RHB Puluke Konane
|
0-0: Ball 1-0: Called Strike 1-1: Called Strike 1-2: Strikes out looking
|
Batting: LHB Kwang-chih Men
|
0-0: Foul Ball, location: 2F 0-1: Called Strike 0-2: Ball 1-2: Foul Ball, location: 2F 1-2: Fly out, F7 (Flyball, 7LM, EV 89.4 MPH)
|
Bottom of the 6th over - 0 runs, 0 hits, 0 errors, 0 left on base; Hagerstown 8 - South Bend 1 |
TOP OF THE 7TH |
Hagerstown Suns batting - Pitching for South Bend Cubs : LHP Alex Gandarilla
|
Batting: RHB Nick Moreno
|
0-0: Fly out, F8 (Flyball, 78S, EV 80.0 MPH)
|
Batting: LHB Chance McWilliams
|
0-0: Called Strike 0-1: Called Strike 0-2: Foul Ball, location: 2F 0-2: Ball 1-2: Foul Ball, location: 2F 1-2: Foul Ball, location: 2F 1-2: Ball 2-2: Foul Ball, location: 2F 2-2: Ground out 1-3 (Groundball, 34S, EV 75.6 MPH)
|
Batting: RHB Naofumi Ishida
|
0-0: Called Strike 0-1: Ball 1-1: Foul Ball, location: 2F 1-2: Foul Ball, location: 2F 1-2: Ball 2-2: Ball 3-2: Base on Balls
|
Pitching: RHP Velimir Sljivancanin
|
|
Batting: RHB John Savard
|
0-0: Ball Naofumi Ishida steals 2nd base 1-0: Foul Ball, location: 2F 1-1: Foul Ball, location: 2F 1-2: Ball 2-2: Foul Ball, location: 2F 2-2: Strikes out swinging
|
Top of the 7th over - 0 runs, 0 hits, 0 errors, 1 left on base; Hagerstown 8 - South Bend 1 |
BOTTOM OF THE 7TH |
South Bend Cubs batting - Pitching for Hagerstown Suns : RHP Sentos Alatas
|
Pinch Hitting: RHB Josh Burns
|
0-0: Ball 1-0: Ball 2-0: Ball 3-0: Foul Ball, location: 2F 3-1: Base on Balls
|
Batting: RHB Han-seung Hah
|
0-0: Called Strike 0-1: Swinging Strike 0-2: Ball 1-2: Ball 2-2: Strikes out swinging
|
Pitching: RHP Danny Hoekenga
|
|
Batting: RHB Denis Rachin
|
0-0: Ball 1-0: Foul Ball, location: 2F 1-1: Foul Ball, location: 2F 1-2: Ball 2-2: Ball 3-2: Foul Ball, location: 2F 3-2: Strikes out swinging
|
Batting: LHB Adam Conover
|
0-0: Ball 1-0: SINGLE (Line Drive, 8RS, EV 101.2 MPH) Josh Burns to second
|
Batting: RHB Juan Bonilla
|
0-0: Called Strike 0-1: Foul Ball, location: 2F 0-2: Fly out, F9 (Flyball, 9D, EV 101.9 MPH)
|
Bottom of the 7th over - 0 runs, 1 hit, 0 errors, 2 left on base; Hagerstown 8 - South Bend 1 |
TOP OF THE 8TH |
Hagerstown Suns batting - Pitching for South Bend Cubs : RHP Velimir Sljivancanin
|
Now in LF: Josh Burns
|
|
Batting: RHB Jim Towle
|
0-0: Ground out 6-3 (Groundball, 6, EV 101.2 MPH)
|
Batting: RHB Jelexiz Cuenca
|
0-0: Called Strike 0-1: Ball 1-1: Ball 2-1: Fly out, F9 (Flyball, 89D, EV 96.2 MPH)
|
Batting: RHB Scott Skoglund
|
0-0: Called Strike 0-1: Swinging Strike 0-2: Foul Ball, location: 2F 0-2: Foul Ball, location: 2F 0-2: Ball 1-2: Ball 2-2: Strikes out swinging, 2-3 out at first.
|
Top of the 8th over - 0 runs, 0 hits, 0 errors, 0 left on base; Hagerstown 8 - South Bend 1 |
BOTTOM OF THE 8TH |
South Bend Cubs batting - Pitching for Hagerstown Suns : RHP Danny Hoekenga
|
Batting: RHB Hugo Torrez
|
0-0: Ball 1-0: SINGLE (Groundball, 4MD, EV 110.0 MPH) (infield hit)
|
Batting: RHB Andy Huntley
|
0-0: Called Strike 0-1: Called Strike 0-2: Foul Ball, location: 2F 0-2: Ball 1-2: Ball 2-2: Foul Ball, location: 2F 2-2: Fielders Choice at 2nd, 3-6 (Groundball, 34S, EV 91.9 MPH)
|
Batting: RHB Puluke Konane
|
0-0: Ball 1-0: Foul Ball, location: 2F 1-1: Swinging Strike 1-2: Ball 2-2: Ball 3-2: Foul Ball, location: 2F 3-2: Base on Balls Andy Huntley to second
|
Batting: LHB Kwang-chih Men
|
0-0: Ball 1-0: Fielders Choice at 2nd, 4-6 (Groundball, 4MD, EV 102.5 MPH) Andy Huntley to third
|
Batting: RHB Josh Burns
|
0-0: Foul Ball, location: 2F 0-1: Swinging Strike 0-2: Foul Ball, location: 2F 0-2: Ball 1-2: Ball 2-2: Strikes out swinging
|
Bottom of the 8th over - 0 runs, 1 hit, 0 errors, 2 left on base; Hagerstown 8 - South Bend 1 |
TOP OF THE 9TH |
Hagerstown Suns batting - Pitching for South Bend Cubs : RHP Velimir Sljivancanin
|
Batting: RHB Leo Gutierrez
|
0-0: Ball 1-0: Foul Ball, location: 2F 1-1: Ground out 4-3 (Groundball, 4, EV 87.5 MPH)
|
Batting: RHB Victor Cintron
|
0-0: Fly out, F3 (Popup, 23F, EV 84.4 MPH)
|
Batting: RHB Nick Moreno
|
0-0: Ball 1-0: Ball 2-0: Swinging Strike 2-1: Ground out 4-3 (Groundball, 4, EV 95.0 MPH)
|
Top of the 9th over - 0 runs, 0 hits, 0 errors, 0 left on base; Hagerstown 8 - South Bend 1 |
BOTTOM OF THE 9TH |
South Bend Cubs batting - Pitching for Hagerstown Suns : RHP Danny Hoekenga
|
Batting: RHB Han-seung Hah
|
0-0: Ball 1-0: Swinging Strike 1-1: Ball 2-1: Swinging Strike 2-2: Strikes out swinging
|
Batting: RHB Denis Rachin
|
0-0: Called Strike 0-1: Swinging Strike 0-2: Foul Ball, location: 2F 0-2: Ground out 5-3 (Groundball, 56, EV 89.4 MPH)
|
Batting: LHB Adam Conover
|
0-0: Ball 1-0: Ball 2-0: Ground out 3-1 (Groundball, 34, EV 89.4 MPH)
|
Bottom of the 9th over - 0 runs, 0 hits, 0 errors, 0 left on base; Hagerstown 8 - South Bend 1 |
|